 Dungeon Crawl Stone Soup version 0.20.1-1-g8b1a95d (webtiles) character file.

1327 homeworkjunkie the Cleaver (level 8, 0/70 HPs)
             Began as a Hill Orc Fighter on Nov 28, 2017.
             Slain by Prince Ribbit (7 damage)
             ... on level 5 of the Dungeon.
             The game lasted 00:08:27 (3470 turns).

homeworkjunkie the Cleaver (Hill Orc Fighter)       Turns: 3470, Time: 00:08:28

Health: 0/70       AC:  9    Str: 20    XL:     8   Next: 60%
Magic:  8/8        EV: 10    Int:  8    God:
Gold:   280        SH:  0    Dex: 14    Spells: 7/7 levels left

rFire    . . .     SeeInvis .   k - +3 battleaxe (pain)
rCold    . . .     Gourm    .   (shield currently unavailable)
rNeg     . . .     Faith    .   b - +0 scale mail
rPois    +         Spirit   .   j - +1 helmet
rElec    .         Reflect  .   (no cloak)
rCorr    .         Harm     .   (no gloves)
MR       .....                  (no boots)
Stlth    ..........             t - amulet of magic regeneration
Regen    0.3/turn               e - ring of poison resistance
MPRegen  0.2/turn               i - +3 ring of dexterity

@: no status effects
A: no striking features
a: no special abilities


You were on level 5 of the Dungeon.
You were full.

You visited 1 branch of the dungeon, and saw 7 of its levels.
You also visited: Sewer.

You collected 280 gold pieces.

Inventory:

Hand Weapons
 a - a +3 war axe
 k - a +3 battleaxe of pain (weapon)
Armour
 b - a +0 scale mail (worn)
 c - a +0 shield
 j - a +1 helmet (worn)
Jewellery
 e - a ring of poison resistance (left hand)
 i - a +3 ring of dexterity (right hand)
 t - an amulet of magic regeneration (around neck)
Scrolls
 d - a scroll of remove curse
 g - 5 scrolls of identify
 l - a scroll of acquirement
 n - 3 scrolls of teleportation
Potions
 q - 3 potions of curing
Comestibles
 f - 3 bread rations
 h - 2 royal jellies


   Skills:
 * Level 6.1 Fighting
 * Level 9.1 Axes
 * Level 5.7 Armour
 + Level 1.3 Dodging
 + Level 1.0 Stealth
 * Level 5.4 Shields
 + Level 0.2 Unarmed Combat


You had 7 spell levels left.
You didn't know any spells.

Dungeon Overview and Level Annotations

Branches:
Dungeon (7/15)
 Temple: D:4-7

Altars:
Makhleb

Shops:
D:4 (

Annotations:
D:5 Prince Ribbit


Message History

You miss Prince Ribbit.
Prince Ribbit is moderately wounded.
Prince Ribbit hits you.
You closely miss Prince Ribbit.
Prince Ribbit is moderately wounded.
Prince Ribbit hits you! Prince Ribbit hits you.
You are too injured to fight recklessly!
You are too injured to fight recklessly!
You are too injured to fight recklessly!
You feel better.
Prince Ribbit lets out a mournful croak.
Prince Ribbit hits you!
* * * LOW HITPOINT WARNING * * *
You hit Prince Ribbit.
Prince Ribbit is moderately wounded.
Prince Ribbit hits you!
* * * LOW HITPOINT WARNING * * *
Prince Ribbit lets out a mournful croak.
Prince Ribbit hits you!
You die...

#......#
#.....#.#
#......#
#.....#.#
########
#.....#.#
#.....#.#
#.....#.###
#.........+
#..)..#.###
#.....#.#
#....@#.#
#####F#.#
#.#.# #oo.#
.o..# %...
...> ......


You could see Prince Ribbit and 3 orcs.

Vanquished Creatures
  Pikel (D:4)
  Sigmund (D:4)
  A sky beast (D:5)
  2 ogres
  The ghost of AdmiralAndromeda the Twirler, an amateur DsGl (D:3)
  3 hounds
  2 jellies (D:5)
  2 orc wizards (D:4)
  Terence (D:2)
  A worker ant (D:4)
  A hound skeleton (D:4)
  3 adders
  5 oozes (Sewer)
  4 worms (Sewer)
  3 dart slugs
  4 leopard geckos
  6 orcs
  6 bats
  6 giant cockroaches
  4 goblins
  4 hobgoblins
  2 quokkas
  5 ball pythons
  7 frilled lizards
  6 kobolds
  A quokka skeleton (D:5)
  7 rats
89 creatures vanquished.

Vanquished Creatures (others)
  A slave (D:4)
1 creature vanquished.

Grand Total: 90 creatures vanquished

Notes
Turn   | Place    | Note
-------+----------+-------------------------------------------
     0 | D:1      | homeworkjunkie the Hill Orc Fighter began the quest for the Orb.
     0 | D:1      | Reached XP level 1. HP: 19/19 MP: 1/1
   105 | D:1      | Reached XP level 2. HP: 27/27 MP: 2/2
   165 | D:1      | Reached skill level 3 in Axes
   351 | D:3      | Noticed AdmiralAndromeda's ghost (amateur DsGl)
   638 | D:2      | Found a burning altar of Makhleb.
   654 | D:2      | Noticed Terence
   664 | D:2      | Killed Terence
   664 | D:2      | Reached XP level 3. HP: 29/33 MP: 3/3
   919 | D:1      | Reached skill level 4 in Axes
  1008 | D:1      | Reached XP level 4. HP: 38/40 MP: 4/4
  1383 | D:4      | Found Jaifoleamm's Antique Weapon Boutique.
  1600 | D:4      | Noticed an ogre
  1606 | D:4      | Killed an ogre
  1606 | D:4      | Reached skill level 5 in Axes
  1606 | D:4      | Reached XP level 5. HP: 32/46 MP: 5/5
  1674 | D:4      | Reached XP level 6. HP: 41/53 MP: 6/6
  1722 | D:4      | Noticed Pikel
  1722 | D:4      | Noticed a slave
  1722 | D:4      | Noticed a slave
  1723 | D:4      | Noticed a slave
  1724 | D:4      | Noticed a slave
  1758 | D:4      | Killed Pikel
  1758 | D:4      | Reached skill level 5 in Fighting
  1758 | D:4      | Reached skill level 6 in Axes
  1758 | D:4      | Reached skill level 5 in Armour
  1758 | D:4      | Reached skill level 1 in Dodging
  1758 | D:4      | Reached XP level 7. HP: 27/61 MP: 7/7
  1880 | D:4      | Reached skill level 7 in Axes
  1880 | D:4      | Reached skill level 5 in Shields
  1933 | D:4      | Found a glowing drain.
  1942 | Sewer    | Entered a sewer
  2488 | D:3      | Killed AdmiralAndromeda's ghost
  2488 | D:3      | Reached XP level 8. HP: 67/69 MP: 8/8
  2667 | D:3      | Reached skill level 8 in Axes
  3082 | D:5      | Entered Level 5 of the Dungeon
  3096 | D:4      | Noticed Sigmund
  3107 | D:4      | Killed Sigmund
  3408 | D:5      | Reached skill level 9 in Axes
  3408 | D:5      | Reached skill level 1 in Stealth
  3430 | D:5      | Identified 2 scrolls of acquirement
  3460 | D:5      | Noticed Prince Ribbit
  3470 | D:5      | Slain by Prince Ribbit

Skill      XL: |  1  2  3  4  5  6  7  8 |
---------------+-------------------------+-----
Axes           | 3 4 5 6 7 9 |  9.1
Fighting       | 4 5 6 |  6.1
Armour         | 4 5 |  5.7
Shields        | 4 5 |  5.4
Dodging        | 1 |  1.3
Stealth        | 1 |  1.0
Unarmed Combat | |  0.2

Action                   |  1- 3 |  4- 6 |  7- 9 || total
-------------------------+-------+-------+-------++-------
Melee: War axe           |    68 |    76 |   112 ||   256
       Unarmed           |     4 |       |       ||     4
       Battleaxe         |       |       |     8 ||     8
  Use: Potion            |     3 |       |     4 ||     7
       Scroll            |     6 |     5 |     5 ||    16
  Eat: Royal jelly       |       |     1 |     1 ||     2
       Meat ration       |       |     1 |       ||     1
       Fruit             |       |       |     1 ||     1
       Bread ration      |       |       |     1 ||     1
Armor: Scale mail        |    39 |    44 |    30 ||   113
Dodge: Dodged            |    19 |    31 |    22 ||    72
Block: Shield            |    40 |    56 |    55 ||   151
